 Dungeon Crawl Stone Soup version 0.26.1-10-gdfb7c7de75 (webtiles) character file.

Game seed: 2754394032885567690

1710 Shurus the Carver (level 8, -7/73 HPs)
             Began as a Minotaur Berserker on Apr 10, 2021.
             Was a Priest of Trog.
             Mangled by Harold
             ... wielding a +0 battleaxe
              (20 damage)
             ... on level 6 of the Dungeon on Apr 11, 2021.
             The game lasted 01:43:58 (7220 turns).

Shurus the Carver (Minotaur Berserker)              Turns: 7220, Time: 01:43:58

Health: -7/73      AC: 15    Str: 25    XL:     8   Next: 74%
Magic:  7/7        EV:  7    Int:  4    God:    Trog [***...]
Gold:   338        SH:  3    Dex:  9    Spells: 7/7 levels left

rFire    x . .     SeeInvis .   E - +3 long sword (holy)
rCold    + . .     Faith    .   O - +0 buckler
rNeg     . . .     Spirit   .   u - +1 plate armour
rPois    .         Reflect  .   (helmet restricted)
rElec    .         Harm     .   (no cloak)
rCorr    .         Rampage  .   (no gloves)
Will     ++...                  q - +0 pair of boots
Stlth    ..........             V - amulet of the acrobat
HPRegen  1.22/turn              C - ring of ice
MPRegen  0.10/turn              H - ring of flight

@: about to teleport, marked, regenerating (expiring)
A: retaliatory headbutt, horns 2
a: Renounce Religion, Evoke Flight, Berserk, Trog's Hand


You were on level 6 of the Dungeon.
You worshipped Trog.
Trog was most pleased with you.
You visited 2 branches of the dungeon, and saw 8 of its levels.

You collected 338 gold pieces.

Inventory:

Hand Weapons
 a - a +0 falchion
 g - a +0 giant spiked club
 l - a +1 dagger of speed
 x - a +0 hunting sling
 y - a +0 war axe
 D - a +0 whip
 E - a +3 long sword of holy wrath (weapon)
 T - a +3 dagger of draining
 U - a +0 giant spiked club
 Y - a +0 dagger of holy wrath
Missiles
 d - 216 stones (quivered)
 f - 70 arrows
 o - 86 bolts
 G - 3 javelins
 W - 3 boomerangs of dispersal
Armour
 b - a +0 animal skin
 q - a +0 pair of boots (worn)
 u - a +1 plate armour (worn)
 A - a +0 ring mail
 J - a +0 chain mail
 O - a +0 buckler (worn)
 Q - a +0 helmet
 Z - a +0 buckler
Jewellery
 C - a ring of ice (left hand)
 H - a ring of flight (right hand)
 M - an uncursed ring of magical power
 V - an amulet of the acrobat (around neck)
Scrolls
 c - a scroll of amnesia
 e - a scroll of blinking {unknown}
 h - 2 scrolls of magic mapping
 j - 3 scrolls of identify
 m - a scroll of fog
 n - a scroll of random uselessness {unknown}
 p - 5 scrolls of teleportation
 r - a scroll of immolation
 w - 2 scrolls of remove curse
 F - 3 scrolls of enchant armour
Potions
 i - 2 potions of haste
 k - 2 potions of flight {unknown}
 s - 3 potions of curing
 t - 4 potions of degeneration
 B - a potion of resistance {unknown}
 I - a potion of mutation {unknown}
 K - a potion of attraction {unknown}
 L - a potion of might {unknown}
 N - a potion of lignification {unknown}
 P - 3 potions of heal wounds
 S - a potion of berserk rage {unknown}


   Skills:
 + Level 7.2 Fighting
 + Level 10.3 Long Blades
 + Level 0.2 Throwing
 + Level 6.6 Armour
 + Level 2.6 Dodging
 + Level 0.5 Stealth
 + Level 1.5 Shields


You had 7 spell levels left.
You didn't know any spells.
Your spell library contained the following spells:

 Spells                   Type           Power        Failure   Level
 Magic Dart               Conj           0%           100%        1
 Searing Ray              Conj           0%           100%        2
 Dazzling Flash           Conj/Hex       0%           100%        3
 Fulminant Prism          Conj/Hex       0%           100%        4
 Iskenderun's Mystic Bla  Conj/Tloc      0%           100%        4


Dungeon Overview and Level Annotations

Branches:
Dungeon (7/15)             Temple (1/1) D:5

Altars:
Ashenzari
Cheibriados
Dithmenos
Elyvilon
Fedhas
Gozag
Hepliaklqana
Kikubaaqudgha
Makhleb
Nemelex Xobeh
Okawaru
Qazlal
Ru
Sif Muna
Trog
Uskayaw
Vehumet
Xom
Yredelemnul
Zin
The Shining One

Annotations:
D:6 Harold


Innate Abilities, Weirdness & Mutations

You reflexively headbutt those who attack you in melee.
You have a pair of horns on your head.


Message History

The centaur hits you.
* * * LOW HITPOINT WARNING * * *
You climb downwards.
Your summoned ally is left behind.
You feel the effects of Trog's Hand fading.
There is a stone staircase leading up here.
You see here an arrow.
You can't go down here!
The centaur hits you.
* * * LOW HITPOINT WARNING * * *
Harold hits you with a +0 battleaxe!
* * * LOW HITPOINT WARNING * * *
You climb upwards.
Your polar bear is no longer berserk.
Your polar bear disappears in a puff of smoke!
There is a stone staircase leading down, spattered with blood here.
As you read the scroll of teleportation, it crumbles to dust.
You feel strangely unstable.
The centaur hits you but does no damage. x2
Harold hits you with a +0 battleaxe!!
You die...

##### #.... ############...§
##################............§.§
................##.###########§§§
.###.##########.##.# #§§. .# #.#
#c##.######### #§§§ .#
#.##########.@@.........# #.#. .#
#..........##†#########.# #...
.###........#.##.#########.######
......#####.#.##.................
......# #.#.##..########.######
#####.# #................######
#.# #######.########.##.... #.#
#.# #....### #.# #.# #....# #


You could see Harold and a centaur.

Vanquished Creatures
  A manticore (D:7)
  2 ogres
  A centaur (D:5)
  A big kobold (D:4)
  2 bullfrogs
  A water moccasin zombie (D:6)
  A scorpion (D:6)
  A centaur zombie (D:6)
  2 orc priests (D:5)
  A bullfrog zombie (D:6)
  A jelly (D:6)
  3 orc wizards
  An iguana (D:5)
  5 worker ants
  2 worker ant zombies (D:6)
  A gnoll (D:1)
  2 howler monkey zombies (D:6)
  12 adders
  A shadow imp (D:6)
  A white imp (D:5)
  2 oozes
  4 adder zombies (D:6)
  4 adder skeletons
  2 worms
  2 dart slugs
  5 leopard geckos
  29 orcs
  6 bats
  8 giant cockroaches
  7 goblins
  11 hobgoblins
  14 kobolds
  A ball python (D:4)
  6 frilled lizards
  A jackal skeleton (D:4)
  A jackal zombie (D:6)
  A leopard gecko zombie (D:6)
  9 rats
155 creatures vanquished.

Vanquished Creatures (others)
  5 withered plants (D:6)
5 creatures vanquished.

Grand Total: 160 creatures vanquished

Notes
Turn   | Place    | Note
-------+----------+-------------------------------------------
     0 | D:1      | Shurus the Minotaur Berserker began the quest for the Orb.
     0 | D:1      | Reached XP level 1. HP: 19/19 MP: 0/0
    94 | D:1      | Reached skill level 4 in Long Blades
   204 | D:1      | Reached XP level 2. HP: 27/27 MP: 1/1
   536 | D:1      | Reached XP level 3. HP: 31/33 MP: 2/2
   870 | D:2      | Noticed a bullfrog
   876 | D:2      | Killed a bullfrog
   877 | D:2      | Reached skill level 5 in Long Blades
   877 | D:2      | Reached XP level 4. HP: 41/41 MP: 3/3
   888 | D:2      | Reached ** piety under Trog
   957 | D:2      | Reached XP level 5. HP: 47/47 MP: 4/4
   977 | D:2      | Found an iron altar of Okawaru.
  1091 | D:2      | Found a burning altar of Makhleb.
  1091 | D:2      | Noticed a cacodemon
  1095 | D:2      | Noticed a ynoxinul
  1095 | D:2      | Noticed a ynoxinul
  1317 | D:2      | Found a faded altar of an unknown god.
  1632 | D:3      | Reached skill level 6 in Long Blades
  1924 | D:3      | Reached skill level 5 in Fighting
  2088 | D:3      | Found a shadowy altar of Dithmenos.
  2124 | D:3      | Reached XP level 6. HP: 35/56 MP: 5/5
  2614 | D:3      | Found a glowing silver altar of Zin.
  3346 | D:4      | Reached skill level 7 in Long Blades
  3961 | D:4      | Reached XP level 7. HP: 61/61 MP: 6/6
  4636 | D:5      | Entered Level 5 of the Dungeon
  4770 | D:5      | Found a stormy altar of Qazlal.
  4788 | D:5      | Reached *** piety under Trog
  5021 | D:5      | Reached skill level 5 in Armour
  5028 | D:5      | Found a staircase to the Ecumenical Temple.
  5084 | D:5      | Found a white marble altar of Elyvilon.
  5084 | D:5      | Found an ancient bone altar of Kikubaaqudgha.
  5131 | D:5      | Reached skill level 8 in Long Blades
  5396 | D:5      | Found a glowing golden altar of the Shining One.
  5661 | Temple   | Entered the Ecumenical Temple
  6019 | D:6      | Reached skill level 1 in Shields
  6148 | D:6      | Reached XP level 8. HP: 70/70 MP: 7/7
  6245 | D:6      | Reached skill level 9 in Long Blades
  6412 | D:6      | Reached **** piety under Trog
  6774 | D:7      | Noticed a manticore
  6795 | D:7      | Killed a manticore
  6796 | D:7      | Reached skill level 10 in Long Blades
  7134 | D:7      | Noticed Harold
  7220 | D:6      | Mangled by Harold

Illustrated notes

Levels and vault maps discovered:
D:1:      saegor_arrival_simple_e, layout_basic
D:2:      layout_basic, marbit_many_paths, chequers_ecumenical_altar_lobes,
          makhleb_altar_promises_db
D:3:      layout_basic, general_overflow_altar, nicolae_dithmenos_shadow_blocks
D:4:      cheibrodos_thug_alley, layout_loops_ring, kennysheep_generic_room_12
D:5:      layout_basic, nicolae_qazlal_general_emergency,
          gammafunk_temple_overflow_wave, minmay_temple_entry_grid, tso_altar
D:6:      layout_loops_ring, serial_undead, serial_undead_b, serial_undead_a,
          serial_undead_d, serial_undead_b, hangedman_decor_riveting
D:7:      layout_basic, serial_shops, kennysheep_mini, minmay_misc_feat_alley,
          uniq_harold
Temple:   compressed_dpeg_circular_temple

Skill      XL: |  1  2  3  4  5  6  7  8 |
---------------+-------------------------+-----
Long Blades    | 4 5 6 7 8 10 | 10.3
Fighting       | 4 5 6 7 |  7.2
Armour         | 3 4 5 6 |  6.6
Shields        | 1 |  1.5
Throwing       | |  0.2
Dodging        | |  2.6
Stealth        | |  0.5

Action                   |  1- 3 |  4- 6 |  7- 9 || total
-------------------------+-------+-------+-------++-------
Melee: Falchion          |    44 |    29 |       ||    73
       Headbutt          |     9 |    30 |    43 ||    82
       Long sword        |       |   125 |   172 ||   297
Throw: Stone             |     9 |     6 |       ||    15
Invok: Berserk           |     1 |     1 |     5 ||     7
       Trog's Hand       |       |     3 |     1 ||     4
       Brothers in Arms  |       |       |     1 ||     1
  Use: Scroll            |     3 |     7 |     8 ||    18
       Potion            |       |       |     1 ||     1
Armor: Animal skin       |     3 |       |       ||     3
       Leather armour    |     3 |       |       ||     3
       Plate armour      |     7 |    92 |    72 ||   171
Dodge: Dodged            |    23 |    53 |    42 ||   118
Block: Buckler           |       |    10 |    14 ||    24
       Rpst.: Falchion   |     9 |     4 |       ||    13
       Long sword        |       |     8 |    10 ||    18
